 Dungeon Crawl Stone Soup version 0.29-a0-993-g4a18f31a58 (webtiles) character file.

Game seed: 16079136844426056513

32793 Sobieck the Covert (level 13, -4/99 HPs)
             Began as a Vine Stalker Brigand on Aug 2, 2022.
             Was the Champion of Hepliaklqana.
             Slain by a spriggan rider
             ... wielding a +1 demon trident of distortion
              (12 damage)
             ... on level 1 of the Lair of Beasts.
             The game lasted 00:35:23 (13681 turns).

Sobieck the Covert (Vine Stalker Brigand)          Turns: 13681, Time: 00:35:24

Health: -4/99      AC: 15    Str: 15    XL:     13   Next: 66%
Magic:  0/23       EV: 17    Int: 11    God:    Hepliaklqana [******]
Gold:   410        SH:  5    Dex: 20    Spells: 12/12 levels left

rFire   . . .      SeeInvis .   a - +4 short sword (elec) {short}
rCold   . . .      Faith    .   (no shield)
rNeg    . . .      Spirit   +   y - +0 troll leather armour
rPois   +          Reflect  +   q - +2 helmet
rElec   .          Harm     .   M - +2 cloak {rPois}
rCorr   .          Rampage  .   (no gloves)
Will    +....                   (no boots)
Stlth   ..........              g - amulet of reflection
HPRegen 1.86/turn               h - ring of magical power
MPRegen 0.18/turn               t - +4 ring of protection

@: berserking, very quick
A: reduced essence, fangs 3, regeneration 1, magic shield, antimagic bite, no
potion heal 2
a: Renounce Religion, Recall Ancestor, Ancestor Identity, Transference, Idealise


You were on level 1 of the Lair of Beasts.
You worshipped Hepliaklqana.
Hepliaklqana was exalted by your worship.
You visited 2 branches of the dungeon, and saw 15 of its levels.

You collected 790 gold pieces.
You spent 380 gold pieces at shops.


Innate Abilities, Weirdness & Mutations

Your life essence is reduced to manifest your ancestor. (-10% HP)
You have razor-sharp teeth.
Your natural rate of healing is unusually fast.
When hurt, damage is shared between your health and your magic reserves.
Your bite disrupts and absorbs the magic of your enemies.
Potions cannot restore your health.


   Skills:
 + Level 11.7 Fighting
 - Level 12.0 Short Blades
 - Level 1.7 Throwing
 - Level 4.0 Armour
 - Level 8.0 Dodging
 - Level 14.0 Stealth


You had 12 spell levels left.
You didn't know any spells.
Your spell library contained the following spells:

 Spells                   Type           Power      Damage    Failure   Level
 Beastly Appendage        Tmut           0%         N/A       41%         1
 Freeze                   Ice            0%         1d3       41%         1
 Shock                    Conj/Air       0%         1d3       41%         1
 Summon Small Mammal      Summ           0%         N/A       41%         1
 Wereblood                Tmut           0%         N/A       54%         2
 Call Canine Familiar     Summ           0%         N/A       78%         3
 Conjure Flame            Conj/Fire      0%         6-21      78%         3
 Frozen Ramparts          Ice            0%         1d8       78%         3
 Ignite Poison            Fire/Tmut/Pois 0%         N/A       78%         3
 Mephitic Cloud           Conj/Pois/Air  0%         N/A       78%         3
 Spider Form              Tmut/Pois      0%         N/A       78%         3
 Summon Guardian Golem    Hex/Summ       0%         N/A       78%         3
 Swiftness                Air            0%         N/A       78%         3
 Airstrike                Air            0%         2d(0-16)  99%         4
 Hailstorm                Conj/Ice       0%         3d3       99%         4
 Ice Form                 Ice/Tmut       0%         N/A       99%         4
 Sticky Flame             Conj/Fire      0%         2d3       99%         4
 Summon Ice Beast         Ice/Summ       0%         N/A       99%         4
 Freezing Cloud           Conj/Ice/Air   0%         6-21      100%        5
 Summon Mana Viper        Hex/Summ       0%         N/A       100%        5
 Monstrous Menagerie      Summ           0%         N/A       100%        7

Inventory:

Hand Weapons
 a - a +4 short sword of electrocution (weapon) {short}
   (You took it off an orc on level 11 of the Dungeon)
 b - a +0 sling
   (You bought it in a shop on level 3 of the Dungeon)
 S - a +0 dagger of chaos {short}
   (You took it off Psyche on level 9 of the Dungeon)
Missiles
 d - 26 poisoned darts {throwing}
 e - 4 curare-tipped darts (quivered) {=fthrowing}
 j - 110 stones {throwing}
 B - 7 boomerangs {throwing}
 K - 6 javelins {throwing}
 U - 2 throwing nets {=f!fthrowing}
 Z - 4 atropa-tipped darts {throwing}
Armour
 q - a +2 helmet (worn)
   (You found it on level 2 of the Dungeon)
 y - a +0 troll leather armour (worn)
   (You found it on level 9 of the Dungeon)
 M - a +2 cloak of poison resistance (worn)
   (You bought it in a shop on level 3 of the Dungeon)
Magical Staves
 D - a staff of cold {!astaff}
   (You found it on level 3 of the Dungeon)
Jewellery
 g - an amulet of reflection (around neck)
   (You found it on level 2 of the Lair of Beasts)
 h - a ring of magical power (left hand)
   (You bought it in a shop on level 3 of the Dungeon)
 m - a ring of flight
   (You found it on level 6 of the Dungeon)
 s - a ring of fire
   (You found it on level 9 of the Dungeon)
 t - a +4 ring of protection (right hand)
   (You found it on level 9 of the Dungeon)
 C - an amulet of regeneration {@e2}
   (You found it on level 3 of the Dungeon)
 E - a ring of protection from fire
   (You found it on level 12 of the Dungeon)
 N - a ring of ice
   (You found it on level 8 of the Dungeon)
Wands
 u - a wand of quicksilver (16)
   (You found it on level 2 of the Dungeon)
 v - a wand of charming (11)
   (You found it on level 7 of the Dungeon)
 w - a wand of iceblast (12)
   (You found it on level 8 of the Dungeon)
 A - a wand of mindburst (15)
   (You found it on level 3 of the Dungeon)
 X - a wand of flame (3)
   (You found it on level 13 of the Dungeon)
Scrolls
 f - a scroll of fog {unknown}
 k - 4 scrolls of poison
 n - 2 scrolls of blinking {!r}
 o - 2 scrolls of fear
 p - a scroll of silence {!r}
 G - 9 scrolls of teleportation {@r4}
 H - 2 scrolls of noise {unknown}
 Q - 3 scrolls of immolation {!r!r}
 R - a scroll of magic mapping {!r}
 V - a scroll of acquirement {unknown}
Potions
 c - a potion of brilliance {unknown}
 i - 3 potions of mutation {!q}
 r - 9 potions of curing {@q1}
 x - 3 potions of attraction {!q}
 z - 2 potions of ambrosia
 F - 3 potions of invisibility
 J - 2 potions of degeneration {!q@e2}
 L - 2 potions of cancellation
 O - 2 potions of might
 P - 2 potions of lignification {!q}
 T - a potion of magic {unknown}
 W - a potion of flight {unknown}
 Y - a potion of resistance
Miscellaneous
 I - a box of beasts
   (You found it on level 2 of the Lair of Beasts)

Dungeon Overview and Level Annotations

Branches:
Dungeon (13/15) Zot: 26298  Temple (0/1) D:5            Lair (2/5) D:10 Zot: 10606
 Shoals (0/4) Lair:2          Orc (0/2) D:10
  Snake: Lair:2-3    Spider: Lair:2-3    Vaults: D:13-14

Altars:
Dithmenos
Gozag
Hepliaklqana
Nemelex Xobeh
Okawaru
Sif Muna
Trog
Uskayaw
Wu Jian
Yredelemnul
The Shining One

Shops:
D:3 (***:   D:8 (   D:11 (   D:12 (

Portals:
Abyss: Lair:1

Annotations:
D:5 Eustachio
D:6 5 runed translucent doors, gdog's ghost, weakling GnDe
Lair:1 1 transporter, Hefases's ghost, journeyman OpWn

P...†.....###..^∩##..........'...
............#.##R#.........#.#...
............#...##..###.....##...
##.........##..!#..##.##...###...
.##.......##.R#.##.#...##..# #...
.##.......#.W.#. ###...##..# ##+#
#.#......##...## .#.##...###..#
..#......#.#.W####..#©#....†#...#
..#.###..#.###i.@##.^.#....#...##
..#.P##..###.##.####.##....#..##
.#............###..###.....#.####
.#.............©...........#.##.#
.#...............................
.#...............................
.#..........#...........P........
.#..........##..........##.......
............##.........#########.


You could see a spriggan rider (drained) and Hefases's ghost.


Message History

The hellwing gives a chilling moan.
You hit the hellwing but do no damage.
You bite the hellwing, but do no damage.
You hit the hellwing.
Lightning courses through the hellwing!!
You bite the hellwing, but do no damage.
The hellwing completely misses you. The hellwing misses you.
You hit the hellwing but do no damage. Your bite misses the hellwing.
You hit the hellwing but do no damage. You bite the hellwing.
You drain its power. The hellwing hits you. x2
You hit the hellwing but do no damage.
You bite the hellwing, but do no damage.
The spriggan rider closely misses you.
You hit the hellwing but do no damage. Your bite misses the hellwing.
The hellwing hits you! The hellwing hits you. The hellwing barely misses you.
You block the hellwing's attack.
You hit the hellwing. Lightning courses through the hellwing!
You bite the hellwing, but do no damage.
The spriggan rider hits you from afar with a +1 demon trident of distortion!
Space warps around you.
You hit the hellwing. Your bite misses the hellwing.
Nkonkoni points at the hellwing and mumbles some strange words.
The hellwing resists with almost no effort.
You block the hellwing's attack. The hellwing barely misses you.
The hellwing hits you. x2
You hit the hellwing but do no damage. Lightning courses through the hellwing!
You kill the hellwing!
The spriggan rider completely misses you.
You hit the hellwing but do no damage.
Lightning courses through the hellwing!!
Your bite misses the hellwing. The hellwing barely misses you.
The hellwing misses you.
Unknown command.
You completely miss the hellwing. The spriggan rider closely misses you.
You barely miss the hellwing. The hellwing completely misses you.
The hellwing barely misses you.
Nkonkoni hits the hellwing with a +0 dagger of draining.
You hit the hellwing but do no damage.
The spriggan rider completely misses you.
Nkonkoni hits the hellwing but does no damage.
Unknown command.
You hit the hellwing but do no damage.
You bite the hellwing, but do no damage.
You block the hellwing's attack.
The hellwing hits you but does no damage.
Nkonkoni hits the hellwing but does no damage.
You hit the hellwing but do no damage. Lightning courses through the hellwing!
The spriggan rider barely misses you.
Nkonkoni hits the hellwing with a +0 dagger of draining.
You hit the hellwing but do no damage. The hellwing misses you.
The hellwing hits you.
Nkonkoni hits the hellwing but does no damage.
You hit the hellwing but do no damage. Lightning courses through the hellwing!
You kill the hellwing!
The spriggan rider hits you from afar with a +1 demon trident of distortion!
Space warps around you.
The spriggan rider hits you with a +1 demon trident of distortion!!
* * * LOW HITPOINT WARNING * * *
Space warps around you.
* * * LOW HITPOINT WARNING * * *
You hit the spriggan rider. Your bite misses the spriggan rider.
You hit the spriggan rider but do no damage.
Your bite misses the spriggan rider.
The spriggan rider hits you with a +1 demon trident of distortion.
* * * LOW HITPOINT WARNING * * *
Space warps around you.
* * * LOW HITPOINT WARNING * * *
You swap places.
The spriggan rider closely misses you.
Nkonkoni hits the spriggan rider with a +0 dagger of draining.
There is a one-way gate to the infinite horrors of the Abyss, spattered with blood here.
Nkonkoni hits the spriggan rider but does no damage.
Nkonkoni drains the spriggan rider.
The spriggan rider hits Nkonkoni with a +1 demon trident of distortion!!
Space warps around Nkonkoni.
Nkonkoni hits the spriggan rider with a +0 dagger of draining.
Nkonkoni drains the spriggan rider.
Really read
n - 3 scrolls of blinking {!r}?
Blink to where?
Press: ? - help, Dir - move target
As you read the scroll of blinking {!r}, it crumbles to dust.
Nkonkoni casts a spell at the spriggan rider.
The spriggan rider resists with almost no effort.
The spriggan rider barely misses you.
The spriggan rider hits you from afar with a +1 demon trident of distortion.
* * * LOW HITPOINT WARNING * * *
Space warps horribly around you!
* * * LOW HITPOINT WARNING * * *
Okay, then.
Unknown command.
Okay, then.
Really quaff
l - a potion of berserk rage {!q}?
Okay, then.
Okay, then.
Really quaff
l - a potion of berserk rage {!q}?
A red film seems to cover your vision as you go berserk!
You feel yourself moving faster!
You feel mighty!
The spriggan rider hits you from afar with a +1 demon trident of distortion!
* * * LOW HITPOINT WARNING * * *
Space warps horribly around you!
You die...

Skill      XL: |  1  2  3  4  5  6  7  8  9 10 11 12 13 |
---------------+----------------------------------------+-----
Short Blades   | 2 3 4 5 7 9 11 12 | 12.0
Dodging        | 1 2 3 6 8 |  8.0
Stealth        | 5 6 7 8 10 12 14 | 14.0
Fighting       | 2 3 5 8 10 11 | 11.7
Armour         | 2 4 |  4.0
Throwing       | |  1.7

Action                   |  1- 3 |  4- 6 |  7- 9 | 10-12 | 13-15 || total
-------------------------+-------+-------+-------+-------+-------++-------
Melee: Dagger            |    94 |   203 |   374 |   388 |       ||  1059
       Bite              |    14 |    55 |   115 |   261 |   113 ||   558
       Punch             |     2 |     1 |     6 |    13 |     7 ||    29
       Short sword       |       |       |       |   214 |   238 ||   452
 Fire: Sling             |       |    45 |    27 |       |       ||    72
Throw: Dart              |       |       |       |     4 |       ||     4
Invok: Recall Ancestor   |       |     1 |     1 |     1 |       ||     3
       Ancestor Life: He |       |       |     1 |       |       ||     1
  Use: Scroll            |       |    16 |     1 |     9 |     4 ||    30
       Potion            |       |       |       |       |     1 ||     1
 Stab: Sleeping          |     9 |     4 |     4 |     9 |     3 ||    29
       Distracted        |     1 |     1 |     8 |     9 |     2 ||    21
       Confused          |       |       |     5 |    17 |     3 ||    25
Armor: Robe              |    30 |    60 |   119 |    17 |       ||   226
       Troll leather arm |       |       |       |   154 |    47 ||   201
Dodge: Dodged            |    53 |    88 |   186 |   277 |   138 ||   742
Block: Other             |       |       |       |       |     8 ||     8

Levels and vault maps discovered:
D:1:      lightli_arrival_statuegarden, layout_basic,
          shapermc_ecumenical_altar_notcrosses, chequers_serial_rivers_large_a,
          minmay_shallow_snake_nest
D:2:      layout_basic, uniq_jessica
D:3:      layout_basic, gammafunk_temple_overflow_forgotten, serial_shops,
          nicolae_shop_crystal, shop_statue, shop, nicolae_lakefront_shop, shop
D:4:      layout_cave_pods
D:5:      layout_rooms, nicolae_gozag_seed_capital,
          mainiacjoe_overflow_boulevard, lemuel_doored_altar,
          nicolae_overflow_two_pavilions, st_stairs_7, chequers_big_river,
          dreamdust_princess_corridor, uniq_eustachio
D:6:      layout_cave_pools, ebering_ghost_gozag, minmay_hollow_rounded_squares
D:7:      layout_loops_ring, minmay_holes
D:8:      layout_loops_corners, grunt_temple_overflow_open, serial_shops,
          nicolae_shop_window_shopping
D:9:      layout_roguey, uniq_maggie, uniq_pikel, uniq_psyche, uniq_amaemon
D:10:     layout_basic, grunt_lair_entry_orc_guard_hut, orc_0_dummy,
          serial_corexii_hall, corexii_hall_statues_i,
          chequers_hall_statues_wall_a
D:11:     layout_basic, serial_shops, nicolae_shop_advertising_works
          [nicolae_subvault_shop_adworks], uniq_erica
D:12:     layout_basic, serial_shops, kennysheep_mini_moat
D:13:     layout_big_octagon, erik_vaults_1
Lair:1:   layout_roguey, gammafunk_ghost_abyssal_escape, beast_lair_carwin_8
Lair:2:   layout_gridlike, elwin_shoals_entry_rooms, minivault_26, st_stairs_11,
          nicolae_quartered_pool_super, grunt_megastairs_2,
          infiniplex_staircase_pool_2

Notes
Turn   | Place    | Note
-------+----------+-------------------------------------------
     0 | D:1      | Sobieck the Vine Stalker Brigand began the quest for the
                  | Orb.
     0 | D:1      | Reached XP level 1. HP: 11/11 MP: 2/2
   172 | D:1      | Reached skill level 2 in Short Blades
   253 | D:1      | Reached skill level 1 in Dodging
   253 | D:1      | Reached XP level 2. HP: 12/15 MP: 1/3
   259 | D:1      | Reached skill level 5 in Stealth
   307 | D:1      | Reached skill level 2 in Fighting
   671 | D:1      | Reached XP level 3. HP: 18/18 MP: 4/4
   765 | D:1      | Found a faded altar of an unknown god.
  1639 | D:2      | Noticed Jessica
  1646 | D:2      | Killed Jessica
  1647 | D:2      | Gained mutation: Your natural rate of healing is unusually
                  | fast. [Vine Stalker growth]
  1647 | D:2      | Reached XP level 4. HP: 23/23 MP: 5/5
  1915 | D:2      | Reached skill level 3 in Short Blades
  2426 | D:3      | Found a sparkling altar of Nemelex Xobeh.
  2428 | D:3      | Found a bloodstained altar of Trog.
  2434 | D:3      | Found a hazy altar of Hepliaklqana.
  2443 | D:3      | Became a worshipper of Hepliaklqana the Forgotten
  2455 | D:3      | Found Jenior's Weapon Emporium.
  2587 | D:3      | Reached XP level 5. HP: 27/27 MP: 6/6
  2590 | D:3      | Found Ylaem's General Store.
  2722 | D:3      | Found Olo Kero's General Store.
  2728 | D:3      | Found Koezaisi's General Store.
  2733 | D:3      | Bought a +0 sling for 18 gold pieces
  2733 | D:3      | Bought a potion of degeneration for 12 gold pieces
  2760 | D:3      | You pick up a book of Callings and begin reading...
  2760 | D:3      | You add the spells Summon Small Mammal, Call Canine
                  | Familiar and Summon Guardian Golem to your library.
  2940 | D:3      | Found Ranoagaedgh's Book Emporium.
  3173 | D:3      | Bought a +0 cloak of poison resistance for 110 gold pieces
  3251 | D:4      | Reached skill level 2 in Dodging
  3440 | D:4      | Reached * piety under Hepliaklqana
  3551 | D:4      | Reached XP level 6. HP: 28/28 MP: 7/7
  3870 | D:5      | Entered Level 5 of the Dungeon
  3884 | D:5      | Reached skill level 3 in Fighting
  3884 | D:5      | Reached skill level 6 in Stealth
  3886 | D:5      | Reached skill level 4 in Short Blades
  4008 | D:5      | Found an opulent altar of Gozag.
  4054 | D:5      | Found a staircase to the Ecumenical Temple.
  4107 | D:5      | Found an iron altar of Okawaru.
  4200 | D:5      | Reached XP level 7. HP: 32/32 MP: 8/8
  4294 | D:5      | Noticed Eustachio
  4342 | D:5      | Found a shimmering blue altar of Sif Muna.
  4342 | D:5      | Found a glowing golden altar of the Shining One.
  4439 | D:6      | Reached ** piety under Hepliaklqana
  4568 | D:6      | You pick up a book of Air and begin reading...
  4568 | D:6      | You add the spells Shock, Swiftness and Airstrike to your
                  | library.
  4609 | D:6      | You add the spells Conjure Flame, Ignite Poison and Sticky
                  | Flame to your library.
  4681 | D:6      | Reached skill level 5 in Short Blades
  4681 | D:6      | Reached skill level 3 in Dodging
  4741 | D:6      | Reached skill level 7 in Stealth
  4741 | D:6      | Gained mutation: You have razor-sharp teeth. [Vine Stalker
                  | growth]
  4741 | D:6      | Reached XP level 8. HP: 36/37 MP: 9/9
  4753 | D:6      | Reached skill level 4 in Fighting
  4817 | D:6      | Remembered your ancestor Nkonkoni as a hexer
  4864 | D:6      | Found a runed translucent gate.
  4864 | D:6      | Found a runed translucent gate.
  4864 | D:6      | Found a runed translucent gate.
  4865 | D:6      | Found an opulent altar of Gozag.
  4865 | D:6      | Noticed gdog's ghost (weakling GnDe)
  5036 | D:6      | Found a large runed translucent door.
  5036 | D:6      | Found a large runed translucent door.
  5072 | D:6      | Reached skill level 6 in Short Blades
  5094 | D:6      | HP: 7/37 [acid dragon/splash of acid (21)]
  5167 | D:6      | Noticed a troll
  5207 | D:6      | Found a large runed translucent door.
  5207 | D:6      | Found a large runed translucent door.
  5248 | D:6      | You pick up a book of Frost and begin reading...
  5248 | D:6      | You add the spells Freeze, Frozen Ramparts and Hailstorm to
                  | your library.
  5326 | D:7      | Reached skill level 8 in Stealth
  5478 | D:7      | Reached skill level 5 in Fighting
  5478 | D:7      | Reached skill level 7 in Short Blades
  5507 | D:7      | Reached XP level 9. HP: 42/42 MP: 8/10
  5879 | D:7      | Reached skill level 9 in Stealth
  6106 | D:7      | Reached *** piety under Hepliaklqana
  6244 | D:8      | Reached skill level 8 in Short Blades
  6589 | D:8      | Found a shadowy altar of Dithmenos.
  6594 | D:8      | Found an ornate altar of the Wu Jian Council.
  6594 | D:8      | Found a hide-covered altar of Uskayaw.
  6594 | D:8      | Found a basalt altar of Yredelemnul.
  6619 | D:8      | You pick up a book of Frost and begin reading...
  6651 | D:8      | Reached skill level 10 in Stealth
  6883 | D:8      | Found Tivampio's Antique Weapon Shoppe.
  6993 | D:8      | Reached skill level 9 in Short Blades
  7136 | D:8      | HP: 4/42 [steam dragon/ball of steam (12)]
  7184 | D:8      | Reached XP level 10. HP: 39/45 MP: 5/11
  7471 | D:9      | Noticed Pikel
  7499 | D:9      | Killed Pikel
  7595 | D:9      | Reached skill level 10 in Short Blades
  7599 | D:9      | Reached skill level 11 in Stealth
  7792 | D:9      | Noticed Psyche
  7802 | D:9      | Killed Psyche
  7863 | D:9      | Reached **** piety under Hepliaklqana
  7951 | D:9      | Reached skill level 11 in Short Blades
  7982 | D:9      | Noticed a two-headed ogre
  7988 | D:9      | Killed a two-headed ogre
  7989 | D:9      | Reached skill level 12 in Stealth
  8012 | D:9      | Reached XP level 11. HP: 37/49 MP: 10/12
  8069 | D:9      | Noticed Amaemon
  8110 | D:9      | Killed Amaemon
  8111 | D:9      | Reached skill level 12 in Short Blades
  8287 | D:9      | Noticed Maggie
  8300 | D:9      | Killed Maggie
  8324 | D:10     | Entered Level 10 of the Dungeon
  8897 | D:10     | Reached skill level 6 in Fighting
  8942 | D:10     | Noticed a two-headed ogre
  8955 | D:10     | Killed a two-headed ogre
  8956 | D:10     | Reached skill level 4 in Dodging
  8964 | D:10     | Reached ***** piety under Hepliaklqana
  8966 | D:10     | Noticed a two-headed ogre
  8971 | D:10     | Noticed a centaur warrior
  9013 | D:10     | HP: 8/51 [two-headed ogre/+0 giant club (22)]
  9060 | D:10     | Killed a two-headed ogre
  9267 | D:10     | Killed a centaur warrior
  9268 | D:10     | Reached skill level 7 in Fighting
  9268 | D:10     | Found a staircase to the Orcish Mines.
  9286 | D:10     | Found a staircase to the Lair.
  9296 | D:10     | Reached skill level 5 in Dodging
  9593 | D:11     | Noticed Erica
  9593 | D:11     | Noticed a two-headed ogre
  9595 | D:11     | Killed a two-headed ogre
  9714 | D:10     | Killed Erica
  9836 | D:11     | You pick up a book of Beasts and begin reading...
  9836 | D:11     | You add the spells Summon Ice Beast, Summon Mana Viper and
                  | Monstrous Menagerie to your library.
  9868 | D:11     | Noticed a two-headed ogre
  9876 | D:11     | Killed a two-headed ogre
  9877 | D:11     | Reached skill level 8 in Fighting
  9877 | D:11     | Reached skill level 6 in Dodging
  9877 | D:11     | Reached XP level 12. HP: 52/57 MP: 13/13
 10308 | D:11     | You pick up a book of Changes and begin reading...
 10308 | D:11     | You add the spells Beastly Appendage, Wereblood and Spider
                  | Form to your library.
 10319 | D:11     | Found Juonan's Weapon Boutique.
 10325 | D:11     | Noticed a five-headed hydra
 10336 | D:11     | Killed a five-headed hydra
 10474 | D:12     | Found Cokhytak's Antique Weapon Shop.
 10624 | D:12     | Noticed a two-headed ogre
 10638 | D:12     | Killed a two-headed ogre
 10639 | D:12     | Reached skill level 9 in Fighting
 10639 | D:12     | Reached skill level 7 in Dodging
 10739 | D:12     | Noticed a four-headed hydra
 10744 | D:12     | Killed a four-headed hydra
 10863 | D:12     | Noticed a boulder beetle
 10876 | D:12     | Killed a boulder beetle
 11446 | D:13     | You pick up a book of Rime and begin reading...
 11462 | D:13     | Reached skill level 8 in Dodging
 11483 | D:13     | Noticed a boulder beetle
 11493 | D:13     | Killed a boulder beetle
 11494 | D:13     | Reached skill level 10 in Fighting
 11504 | D:13     | Reached skill level 1 in Armour
 11542 | D:13     | Noticed a boulder beetle
 11710 | Lair:1   | Entered Level 1 of the Lair of Beasts
 11713 | Lair:1   | Found a transporter.
 11821 | Lair:1   | Found a transporter.
 11827 | Lair:1   | Noticed a thrashing horror
 11896 | Lair:1   | Reached skill level 2 in Armour
 11925 | Lair:1   | Reached XP level 13. HP: 32/64 MP: 6/14
 12227 | Lair:1   | Reached skill level 3 in Armour
 12245 | Lair:1   | Reached skill level 13 in Stealth
 12409 | Lair:1   | Noticed Hefases's ghost (journeyman OpWn)
 12421 | Lair:1   | Noticed a rakshasa
 12453 | Lair:1   | Found a one-way gate to the infinite horrors of the Abyss.
 12728 | Lair:2   | Found a staircase to the Shoals.
 12887 | Lair:2   | Reached skill level 11 in Fighting
 12889 | Lair:2   | Reached skill level 4 in Armour
 12904 | Lair:2   | You add the spells Mephitic Cloud and Freezing Cloud to
                  | your library.
 12956 | Lair:2   | Reached ****** piety under Hepliaklqana
 13139 | Lair:2   | Reached skill level 14 in Stealth
 13325 | D:3      | Bought a ring of magical power for 240 gold pieces
 13672 | Lair:1   | HP: 12/66 [spriggan rider/+1 demon trident of distortion
                  | (5)]
 13679 | Lair:1   | HP: 11/66 [spriggan rider/+1 demon trident of distortion
                  | (12)]
 13681 | Lair:1   | Slain by a spriggan rider

Vanquished Creatures
  3 hydras
  A centaur warrior (D:10)
  2 boulder beetles
  5 two-headed ogres
  Erica (D:10)
  A thrashing horror (Lair:1)
  Amaemon (D:9)
  Pikel (D:9)
  A deep elf pyromancer (D:12)
  An ugly thing (Lair:1)
  A cyclops (D:13)
  A manticore (D:12)
  A black mamba (Lair:2)
  A merfolk siren (Lair:2)
  8 cane toads
  2 komodo dragons (Lair:1)
  Maggie (D:9)
  Psyche (D:9)
  A merfolk (Lair:2)
  2 hellwings (Lair:1)
  5 trolls
  3 blink frogs (Lair:2)
  9 slime creatures
  A wraith (D:11)
  2 shadows
  2 wyverns
  A yak (shapeshifter) (D:13)
  2 vampires
  23 yaks
  A basilisk (Lair:2)
  A vampire mosquito (D:11)
  A steam dragon (D:7)
  2 acid dragons (D:6)
  7 water moccasins
  4 orc warriors
  An ogre (D:5)
  7 centaurs
  A lemure (D:9)
  3 kobold brigands
  A gnoll sergeant (D:10)
  4 bullfrogs
  A scorpion (D:5)
  13 wights
  9 killer bees
  2 electric eels (Lair:2)
  A howler monkey (D:10)
  A hound (D:6)
  3 jellies
  4 orc priests
  Jessica (D:2)
  4 iguanas
  8 orc wizards
  6 hell rats (Lair:1)
  A hexer (D:7)
  9 adders
  6 gnolls
  2 white imps
  2 worms
  3 dart slugs
  38 orcs
  4 bats
  5 endoplasms
  4 giant cockroaches
  6 goblins
  5 hobgoblins
  11 jackals
  17 kobolds
  3 quokkas
  9 ball pythons
  4 frilled lizards
  7 rats
306 creatures vanquished.

Vanquished Creatures (collateral kills)
  A hydra (D:11)
  A two-headed ogre (D:12)
  An orange demon (D:9)
  An unseen horror (D:12)
  A cane toad (Lair:1)
  A slime creature (D:9)
  2 blink frogs (Lair:2)
  A wraith (D:13)
  6 yaks
  A steam dragon (D:8)
  3 vampire mosquitoes (D:11)
  An orc warrior (D:10)
  2 sky beasts
  An ogre (D:7)
  2 centaurs
  2 bullfrogs
  6 wights
  A jelly (D:6)
  A hound (D:6)
  An iguana (D:6)
  An adder (D:5)
  2 gnolls (D:10)
  A white imp (D:6)
  An ufetubus (D:7)
  12 orcs
  A kobold (D:11)
54 creatures vanquished.

Vanquished Creatures (others)
  6 hexers
  2 ancestors
  An orc (D:11)
  11 fungi
  20 plants
40 creatures vanquished.

Grand Total: 400 creatures vanquished

Table legend:
 A = Non-vault XP
 B = Vault XP
 C = Vault XP percentage of total XP
 D = Non-vault monster count
 E = Vault monster count
 F = Vault count percentage of total count
                 A         B        C        D         E       F
            +---------+---------+-------+---------+---------+-------
      Total |   34835 |   12013 |  25.6 |     310 |      48 |  13.4
            +---------+---------+-------+---------+---------+-------
        D:1 |      41 |       8 |  16.3 |      22 |       4 |  15.4
        D:2 |      46 |      37 |  44.6 |      18 |       1 |   5.3
        D:3 |      51 |       0 |   0.0 |      19 |       0 |   0.0
        D:4 |     147 |       0 |   0.0 |      18 |       0 |   0.0
        D:5 |     421 |      14 |   3.2 |      21 |       1 |   4.5
        D:6 |     587 |     983 |  62.6 |      15 |      12 |  44.4
        D:7 |    1472 |       0 |   0.0 |      23 |       0 |   0.0
        D:8 |    1715 |       0 |   0.0 |      37 |       0 |   0.0
        D:9 |    3476 |    2528 |  42.1 |      22 |       5 |  18.5
       D:10 |    3933 |    1530 |  28.0 |      24 |       6 |  20.0
       D:11 |    4052 |       0 |   0.0 |      22 |       0 |   0.0
       D:12 |    7556 |       0 |   0.0 |      19 |       0 |   0.0
       D:13 |    1903 |       0 |   0.0 |       7 |       0 |   0.0
     Lair:1 |    4411 |    4811 |  52.2 |      24 |      12 |  33.3
     Lair:2 |    5024 |    2102 |  29.5 |      19 |       7 |  26.9
            +---------+---------+-------+---------+---------+-------

Illustrated notes

Table legend:
 A = Kills in this place as a percentage of kills in entire the game.
 B = Kills by you in this place as a percentage of kills by you in the entire game.
 C = Kills by friends in this place as a percentage of kills by friends in the entire game.
 D = Other kills in this place as a percentage of other kills in the entire game.
 E = Experience gained in this place as a percentage of experience gained in the entire game.
 F = Experience gained in this place divided by the number of levels of this place that you have seen.
                   A       B       C       D       E      F
               +-------+-------+-------+-------+-------+----------------------
         Total | 100.0 | 100.0 | 100.0 | 100.0 | 100.0 | 3123.2
       Dungeon |  82.7 |  81.4 |  88.9 | 100.0 |  65.1 | 2346.2
          Lair |  17.3 |  18.6 |  11.1 |   0.0 |  34.9 | 8174.0
               +-------+-------+-------+-------+-------+----------------------

Table legend: (Time is in decaauts)
 A = Elapsed time spent in this place.
 B = Non-inter-level travel time spent in this place.
 C = Inter-level travel time spent in this place.
 D = Time resting spent in this place.
 E = Time spent auto-exploring this place.
 F = Levels seen in this place.
 G = Mean time per level.
                   A        B        C        D        E       F      G
               +--------+--------+--------+--------+--------+-----+--------+
         Total |  13130 |  12257 |    873 |    379 |   9169 |  15 |  875.3 |
       Dungeon |  11738 |  10949 |    789 |    347 |   8242 |  13 |  902.9 |
          Lair |   1392 |   1308 |     84 |     32 |    927 |   2 |  696.0 |
               +--------+--------+--------+--------+--------+-----+--------+

Top non-repeatable levels by time:
    D:10: 1428 daAuts
     D:8: 1223 daAuts
     D:2: 1172 daAuts
     D:1: 1161 daAuts
    D:12: 1038 daAuts
     D:6: 1028 daAuts
     D:4: 937 daAuts
     D:7: 901 daAuts
  Lair:1: 828 daAuts
     D:9: 789 daAuts
    D:11: 708 daAuts
     D:3: 678 daAuts
  Lair:2: 564 daAuts
     D:5: 557 daAuts
    D:13: 113 daAuts
